 Dungeon Crawl Stone Soup version 0.29-a0-221-gceb61267dd (webtiles) character file.

Game seed: 11214258838270915089

45 ReploidZero the Skirmisher (level 3, 0/20 HPs)
             Began as a Vine Stalker Fighter on Feb 26, 2022.
             Splashed by a jelly's acid (5 damage)
             ... on level 2 of the Dungeon.
             The game lasted 00:02:55 (1677 turns).

ReploidZero the Skirmisher (Vine Stalker Fighter)   Turns: 1677, Time: 00:02:56

Health: 0/20       AC:  6    Str: 20    XL:     3   Next: 64%
Magic:  0/4        EV:  9    Int:  8    God:
Gold:   32         SH:  4    Dex: 13    Spells: 2/2 levels left

rFire   . . .      SeeInvis .   g - +2 dagger (elec)
rCold   . . .      Faith    .   c - +0 buckler
rNeg    . . .      Spirit   +   b - +0 scale mail
rPois   .          Reflect  .   (no helmet)
rElec   .          Harm     .   (no cloak)
rCorr   .          Rampage  .   (no gloves)
Will    .....                   (no boots)
Stlth   ..........              (no amulet)
HPRegen 0.06/turn               (no ring)
MPRegen 0.09/turn               (no ring)

@: no status effects
A: fangs 2, magic shield, antimagic bite, no potion heal 2
a: no special abilities


You were on level 2 of the Dungeon.
You visited 1 branch of the dungeon, and saw 2 of its levels.

You collected 32 gold pieces.

Inventory:

Hand Weapons
 a - a +1 flail
 g - a +2 dagger of electrocution (weapon)
Armour
 b - a +0 scale mail (worn)
 c - a +0 buckler (worn)
Jewellery
 h - a ring of protection from fire
Scrolls
 e - a scroll of enchant armour {unknown}
 j - a scroll of identify {unknown}
Potions
 d - a potion of might
 f - a potion of cancellation {unknown}
 i - a potion of haste {unknown}


   Skills:
 + Level 3.1 Fighting
 + Level 2.3 Maces & Flails
 + Level 2.8 Armour
 + Level 3.1 Shields


You had 2 spell levels left.
You didn't know any spells.
Your spell library contained the following spells:

 Spells                   Type           Power      Damage    Failure   Level
 Ensorcelled Hibernation  Hex/Ice        0%         N/A       94%         2
 Passwall                 Tmut/Erth      0%         N/A       94%         2
 Ozocubu's Armour         Ice            0%         N/A       99%         3
 Swiftness                Air            0%         N/A       99%         3
 Metabolic Englaciation   Hex/Ice        0%         N/A       100%        5
 Simulacrum               Ice/Necr       0%         N/A       100%        6


Dungeon Overview and Level Annotations

Branches:
Dungeon (2/15)

Altars:

Shops:
D:1 ?


Innate Abilities, Weirdness & Mutations

You have extremely sharp teeth.
When hurt, damage is shared between your health and your magic reserves.
Your bite disrupts and absorbs the magic of your enemies.
Potions cannot restore your health.


Message History

Found a rat skeleton.
The endoplasm quivers.
An endoplasm is nearby!
An endoplasm is nearby! 2 jellies, 7 endoplasms and a kobold come into view.
The kobold is wielding a +2 short sword of draining.
Found four items.
The endoplasm quivers. x3; The jelly quivers.
The endoplasm quivers. x2
The kobold shouts!
There is an open door here.
There are monsters nearby!
You hit the kobold. You bite the kobold, but do no damage.
The kobold is moderately wounded.
The endoplasm freezes you.
You are frozen.
The kobold completely misses you.
You hit the kobold.
You kill the kobold!
The endoplasm freezes you.
You are frozen.
The endoplasm barely misses you.
You hit the jelly. The acid corrodes you!
Your hands burn!
The jelly is lightly wounded.
The endoplasm freezes you.
You are frozen.
The endoplasm freezes you.
You are frozen.
* * * LOW HITPOINT WARNING * * *
The endoplasm hits you.
* * * LOW HITPOINT WARNING * * *
Unknown command.
There is an open door here.
You are no longer corroded.
The jelly jiggles.
There is an open gate, spattered with blood here.
Things that are here:
a +0 short sword; 4 stones; a kobold corpse The jelly jiggles.
The jelly hits you.
* * * LOW HITPOINT WARNING * * *
You are splashed with acid!
You die...

.##.......#>.#
.##..###.##..# ###..#
#.##..####
#..###........#
.##...#########.#####
.......##.....#.....#
.#..#..##.#.#.#..##.#
.####..##.#...#..#<.#
.####..##.###.#.@####
.#..#...#.....JJ.#
......J.#####....#
........#......<##
.#.##..##.#######
.#........#
.###.###### .# #.# .#
#.#


You could see a jelly and an endoplasm.

Vanquished Creatures
  4 ball pythons (D:1)
  3 endoplasms
  2 giant cockroaches
  3 goblins
  5 hobgoblins
  2 jackals (D:1)
  10 kobolds
  2 quokkas
  2 bats (D:1)
  2 frilled lizards (D:2)
  8 rats
43 creatures vanquished.

Vanquished Creatures (others)
  7 fungi (D:2)
  5 toadstools (D:2)
12 creatures vanquished.

Grand Total: 55 creatures vanquished

Notes
Turn   | Place    | Note
-------+----------+-------------------------------------------
     0 | D:1      | ReploidZero the Vine Stalker Fighter began the quest for
                  | the Orb.
     0 | D:1      | Reached XP level 1. HP: 11/11 MP: 2/2
   110 | D:1      | Reached XP level 2. HP: 7/16 MP: 1/3
   898 | D:1      | Found Lygonn's Magic Scroll Shoppe.
   908 | D:1      | Reached XP level 3. HP: 19/20 MP: 2/4
  1677 | D:2      | Splashed by a jelly's acid

Illustrated notes

Levels and vault maps discovered:
D:1:      minmay_arrival_cross, layout_rooms, serial_shops, shop,
          minmay_misc_feat_nine_boxes, roderic_roman_lattice,
          minmay_misc_feat_square
D:2:      cheibrodos_fertilizer, layout_basic, hangedman_decor_growths,
          minivault_19

Skill      XL: |  1  2 |
---------------+-------+-----
Maces & Flails | 2 |  2.3
Fighting       | 3 |  3.1
Shields        | 3 |  3.1
Armour         | |  2.8

Action                   || total
-------------------------++-------
Melee: Flail             ||    75
       Bite              ||    20
       Dagger            ||    27
  Use: Scroll            ||     3
Armor: Scale mail        ||    41
Dodge: Dodged            ||    45
Block: Buckler           ||    21

Table legend: (Time is in decaauts)
 A = Elapsed time spent in this place.
 B = Non-inter-level travel time spent in this place.
 C = Inter-level travel time spent in this place.
 D = Time resting spent in this place.
 E = Time spent auto-exploring this place.
 F = Levels seen in this place.
 G = Mean time per level.
                   A        B        C        D        E       F      G
               +--------+--------+--------+--------+--------+-----+--------+
         Total |   1703 |   1691 |     12 |      0 |   1376 |   2 |  851.5 |
       Dungeon |   1703 |   1691 |     12 |      0 |   1376 |   2 |  851.5 |
               +--------+--------+--------+--------+--------+-----+--------+

Top non-repeatable levels by time:
     D:1: 998 daAuts
     D:2: 704 daAuts
